 Dungeon Crawl Stone Soup version 0.28-a0-511-gcc94558de3 (webtiles) character file.

Game seed: 13381836387737529339

1771 wakim the Carver (level 8, -4/67 HPs)
             Began as a Palentonga Gladiator on Sept 21, 2021.
             Was a Follower of Nemelex Xobeh.
             Killed from afar by Pikel (28 damage)
             ... with a bolt of acid
             ... on level 5 of the Dungeon.
             The game lasted 00:16:04 (4889 turns).

wakim the Carver (Palentonga Gladiator)             Turns: 4889, Time: 00:16:04

Health: -4/67      AC: 20    Str: 19    XL:     8   Next: 80%
Magic:  10/10      EV:  9    Int:  8    God:    Nemelex Xobeh [*.....]
Gold:   336        SH:  0    Dex: 13    Spells: 7/7 levels left

rFire   . . .      SeeInvis +   a - +0 long sword
rCold   . . .      Faith    .   (no shield)
rNeg    . . .      Spirit   .   u - +0 leather armour
rPois   +          Reflect  .   c - +0 helmet
rElec   .          Harm     .   (no cloak)
rCorr   .          Rampage  .   (no gloves)
Will    .....                   o - +0 barding
Stlth   +.........              q - amulet of regeneration
HPRegen 1.21/turn               l - +4 ring of protection
MPRegen 0.12/turn               n - ring of poison resistance

@: curled up
A: large, rugged brown scales 3, see invisible, deformed body, roll 1, armoured
tail, reflexive curl
a: Rolling Charge, Renounce Religion, Draw Escape, Draw Destruction, Draw
Summoning


You were on level 5 of the Dungeon.
You worshipped Nemelex Xobeh.
Nemelex Xobeh was aware of your devotion.
You visited 2 branches of the dungeon, and saw 6 of its levels.

You collected 336 gold pieces.

Inventory:

Hand Weapons
 a - a +0 long sword (weapon)
 b - the +0 falchion of Kirgh {drain, Int+5}
   (You found it on level 4 of the Dungeon)

   A truly terrible weapon, it drains the life of any living foe it strikes.
   Int:       It affects your intelligence (+5).
Missiles
 d - 3 throwing nets {=f!f}
 f - 28 poisoned darts
Armour
 c - a +0 helmet (worn)
 o - a +0 barding (worn)
 u - a +0 leather armour (worn)
Jewellery
 l - a +4 ring of protection (left hand)
 m - a +6 ring of strength
 n - a ring of poison resistance (right hand)
 p - a ring of ice
 q - an amulet of regeneration (around neck)
Scrolls
 e - a scroll of fog {unknown}
 g - a scroll of noise {unknown}
 i - 2 scrolls of enchant weapon {unknown}
 j - 2 scrolls of teleportation {unknown}
 k - 4 scrolls of amnesia {unknown}
 r - a scroll of blinking {unknown}
 s - a scroll of holy word {unknown}
 v - a scroll of silence {unknown}
Potions
 h - a potion of haste {unknown}
 t - a potion of attraction {unknown}
 w - a potion of magic {unknown}
 C - a potion of berserk rage {!q}
 J - a potion of heal wounds
 N - 4 potions of might


   Skills:
 + Level 5.6 Fighting
 * Level 8.2 Long Blades
 - Level 1.3 Throwing
 + Level 5.1 Dodging
 + Level 3.6 Invocations


You had 7 spell levels left.
You didn't know any spells.
Your spell library contained the following spells:

 Spells                   Type           Power      Damage    Failure   Level
 Sublimation of Blood     Necr           0%         N/A       61%         2
 Petrify                  Tmut/Erth      0%         N/A       99%         4
 Irradiate                Conj/Tmut      0%         3d13      100%        5


Dungeon Overview and Level Annotations

Branches:
Dungeon (5/15)             Temple (1/1) D:4

Altars:
Ashenzari
Elyvilon
Fedhas
Gozag
Kikubaaqudgha
Makhleb
Nemelex Xobeh
Okawaru
Sif Muna
Trog
Uskayaw
Wu Jian
Xom
Yredelemnul
Zin
The Shining One

Annotations:
D:5 Pikel


Innate Abilities, Weirdness & Mutations

You are completely covered in rugged brown scales. (AC +3, +7% HP)
You have supernaturally acute eyesight. (SInv)
Armour fits poorly on your strangely shaped body.
You can roll at nearby foes to attack.
You have a long armoured tail.
You curl defensively after being hit.


Message History

You draw a card...
You have drawn Wild Magic.
The lemure is encased in ice!
Pikel looks faint for a moment!
The lemure convulses with pain.
The lemure completely resists.
The lemure is caught in a violent explosion!!
Dim flames ripple over the lemure's body!!
You feel a surge of magic. The lemure hits you but does no damage.
Okay, then.
The lemure barely misses you.
You hit the lemure but do no damage. You tail-slap the lemure.
The lemure is almost dead.
The lemure hits you but does no damage.
You slash the lemure!
You kill the lemure!
That felt strangely unrewarding.
Pikel zaps a wand.
The bolt of acid hits you!!
Roll where?
Press: ? - help, Dir - move target, f/p - Pikel
Aim: Pikel, wielding a +1 whip of electrocution, wearing a +0 robe of fire resistance and carrying a wand of acid (2) (severely wounded)
You roll forward with a clatter of scales!
You closely miss Pikel.
Your tail-slap misses Pikel.
Pikel is severely wounded.
Pikel hits you with a +1 whip of electrocution.
You barely miss Pikel.
Pikel is severely wounded.
Pikel barely misses you.
You hit Pikel.
Pikel is severely wounded.
Pikel hits you but does no damage.
You barely miss Pikel. You tail-slap Pikel, but do no damage.
Pikel is severely wounded.
Pikel hits you but does no damage.
You are electrocuted!
* * * LOW HITPOINT WARNING * * *
You closely miss Pikel.
Pikel is severely wounded.
Pikel zaps a wand.
The bolt of acid hits you!!
You die...
Your body disappears without a glow.

.# #..###..##.#.#.#....#.#... .#
#...##..##.#.#............ .#
#.#.##.......#......#..... .#
#.#55#..##.#.#......#.#... .#
#.##.#..##.#.#............
.#######.##.#..##.#..............
.........##.#..##.#.##..#..#.##..
..............5##.#.....#..#.##..
....##....#..55K@....)...........
.##.##....#...###.##.#.##..#.....
....##....#.#.# #..........#.##..
.##.##....#.#.# #................
.##.##....#.#.###.....###..#.###.
....##....#.............#..#.....
#.##....###..##..........#.###.
#....###...#..####.#..#.#...
.............####.#..#.#.#.


You could see Pikel and 3 lemures.

Vanquished Creatures
  Sigmund (D:2)
  Eustachio (D:5)
  Menkaure (D:5)
  A black bear (D:4)
  A necrophage (D:4)
  2 ogres (D:5)
  A lemure (D:5)
  2 hounds (D:4)
  2 orc priests
  Jessica (D:2)
  A centaur skeleton (D:4)
  2 iguanas
  An orc wizard (D:3)
  A hound skeleton (D:4)
  13 gnolls
  4 adders
  A white imp (D:4)
  A worm (D:3)
  3 dart slugs
  2 orcs (D:3)
  5 endoplasms
  3 giant cockroaches (D:1)
  31 goblins
  23 hobgoblins
  6 jackals
  9 kobolds
  5 quokkas
  8 ball pythons
  6 bats
  3 frilled lizards
  6 rats
147 creatures vanquished.

Vanquished Creatures (collateral kills)
  A sky beast (D:5)
  2 ogres (D:5)
  A centaur (D:5)
  A water moccasin skeleton (D:5)
  A gnoll shaman (D:5)
  A hound skeleton (D:5)
  5 gnolls (D:5)
12 creatures vanquished.

Grand Total: 159 creatures vanquished

Notes
Turn   | Place    | Note
-------+----------+-------------------------------------------
     0 | D:1      | wakim the Palentonga Gladiator began the quest for the Orb.
     0 | D:1      | Reached XP level 1. HP: 17/17 MP: 1/1
    72 | D:1      | Reached XP level 2. HP: 23/23 MP: 2/2
   297 | D:1      | Reached XP level 3. HP: 28/29 MP: 3/3
   555 | D:1      | You fall into a shaft and drop 1 floor!
   645 | D:2      | Reached skill level 4 in Long Blades
   748 | D:2      | Noticed Sigmund
   980 | D:1      | Reached XP level 4. HP: 36/36 MP: 4/4
  1377 | D:1      | Found a faded altar of an unknown god.
  1681 | D:2      | Noticed Jessica
  1697 | D:2      | Killed Jessica
  1711 | D:2      | Killed Sigmund
  1712 | D:2      | Reached skill level 5 in Long Blades
  1712 | D:2      | Reached XP level 5. HP: 42/43 MP: 5/5
  2423 | D:3      | Reached XP level 6. HP: 47/50 MP: 6/6
  2763 | D:3      | Found a shimmering blue altar of Sif Muna.
  2859 | D:3      | Found a white marble altar of Elyvilon.
  3220 | D:4      | Found a staircase to the Ecumenical Temple.
  3242 | Temple   | Entered the Ecumenical Temple
  3324 | Temple   | Became a worshipper of Nemelex Xobeh the Trickster
  3465 | D:4      | Reached skill level 6 in Long Blades
  3465 | D:4      | Gained mutation: You curl defensively after being hit.
                  | [Palentonga growth]
  3465 | D:4      | Reached XP level 7. HP: 57/57 MP: 7/7
  3713 | D:4      | Identified the +0 falchion of Kirgh {drain, Int+5}
  4185 | D:4      | Reached skill level 1 in Invocations
  4269 | D:5      | Entered Level 5 of the Dungeon
  4307 | D:5      | Reached * piety under Nemelex Xobeh
  4313 | D:5      | Noticed Menkaure
  4320 | D:5      | Noticed Eustachio
  4321 | D:5      | Killed Menkaure
  4375 | D:5      | Killed Eustachio
  4376 | D:5      | Reached skill level 7 in Long Blades
  4376 | D:5      | Reached XP level 8. HP: 60/65 MP: 9/9
  4521 | D:5      | Received a gift from Nemelex Xobeh
  4524 | D:5      | Reached skill level 5 in Fighting
  4659 | D:5      | Reached skill level 8 in Long Blades
  4659 | D:5      | Reached skill level 5 in Dodging
  4814 | D:5      | Noticed Pikel
  4889 | D:5      | Killed from afar by Pikel

Illustrated notes

Levels and vault maps discovered:
D:1:      minmay_arrival_stone_box, layout_rooms,
          hellmonk_ecumenical_altar_inner_sanctum
D:2:      layout_loops_ring, uniq_sigmund, uniq_jessica
D:3:      layout_basic, elyvilon_altar_4, led_sif_pool
D:4:      minmay_goblin_kobold_castle, layout_basic,
          minmay_temple_entry_proselytizer
D:5:      layout_basic, chequers_temple_overflow_statue_of_worship,
          uniq_menkaure, uniq_pikel, uniq_eustachio
Temple:   zaba_magenta_temple

Skill      XL: |  1  2  3  4  5  6  7  8 |
---------------+-------------------------+-----
Long Blades    | 4 5 6 7 8 |  8.2
Dodging        | 3 4 5 |  5.1
Fighting       | 3 4 5 |  5.6
Invocations    | 2 3 |  3.6
Throwing       | |  1.3

Action                   |  1- 3 |  4- 6 |  7- 9 || total
-------------------------+-------+-------+-------++-------
Melee: Long sword        |    94 |   100 |   222 ||   416
       Tailslap          |    14 |    14 |    34 ||    62
Throw: Dart              |       |     3 |     2 ||     5
Invok: Draw Destruction  |       |       |     5 ||     5
       Draw Escape       |       |       |     1 ||     1
       Draw Summoning    |       |       |     1 ||     1
 Abil: Rolling Charge    |    22 |    29 |    26 ||    77
  Use: Scroll            |       |     1 |     2 ||     3
Armor: Leather armour    |    37 |    41 |   190 ||   268
Dodge: Dodged            |    55 |    43 |   153 ||   251

Table legend: (Time is in decaauts)
 A = Elapsed time spent in this place.
 B = Non-inter-level travel time spent in this place.
 C = Inter-level travel time spent in this place.
 D = Time resting spent in this place.
 E = Time spent auto-exploring this place.
 F = Levels seen in this place.
 G = Mean time per level.
                   A        B        C        D        E       F      G
               +--------+--------+--------+--------+--------+-----+--------+
         Total |   4956 |   4781 |    175 |    192 |   3317 |   6 |  826.0 |
       Dungeon |   4869 |   4706 |    163 |    192 |   3261 |   5 |  973.8 |
        Temple |     86 |     74 |     12 |      0 |     56 |   1 |   86.0 |
               +--------+--------+--------+--------+--------+-----+--------+

Top non-repeatable levels by time:
     D:4: 1293 daAuts
     D:1: 1239 daAuts
     D:3: 1023 daAuts
     D:2: 731 daAuts
     D:5: 580 daAuts
  Temple: 86 daAuts
